 Dungeon Crawl Stone Soup version 0.27.1-33-g824d729ab1 (webtiles) character file.

Game seed: 10218169308545603292

23 JohnySteedPL the Vexing (level 3, -1/22 (23) HPs)
             Began as a Barachi Arcane Marksman on Nov 27, 2021.
             Was a Follower of Hepliaklqana.
             Slain by Crazy Yiuf (3 damage)
             ... on level 2 of the Dungeon.
             The game lasted 00:24:13 (1287 turns).

JohnySteedPL the Vexing (Barachi Arcane Marksman)   Turns: 1287, Time: 00:24:13

HP:   -1/22 (23)    AC: 10    Str: 11    XL:     3   Next: 0%
MP:   2/4           EV:  2    Int: 13    God:    Hepliaklqana [*.....]
Gold: 58            SH:  0    Dex: 13    Spells: 3/4 levels left

rFire    . . .     SeeInvis .   a - +0 shortbow
rCold    . . .     Faith    .   (shield currently unavailable)
rNeg     . . .     Spirit   .   t - +0 plate armour
rPois    .         Reflect  .   (no helmet)
rElec    .         Harm     .   (no cloak)
rCorr    .         Rampage  .   (no gloves)
Will     .....                  (no boots)
Stlth    ..........             (no amulet)
HPRegen  0.07/turn              (no ring)
MPRegen  0.09/turn              (no ring)

@: unable to hop, lightly drained, slow
A: reduced essence, amphibious, slowness 1, strong legs 1, +LOS
a: Hop, Renounce Religion, Recall Ancestor, Ancestor Identity


You were on level 2 of the Dungeon.
You worshipped Hepliaklqana.
Hepliaklqana was aware of your devotion.
You visited 1 branch of the dungeon, and saw 2 of its levels.

You collected 58 gold pieces.

Inventory:

Hand Weapons
 a - a +0 shortbow (weapon)
 b - a +0 mace
 f - a +0 mace
 h - a +0 short sword
 j - a +0 dagger
 k - a +0 hunting sling
 l - a +0 whip
 n - a +0 short sword
 o - a +0 dagger
Missiles
 c - 4 arrows (quivered ammo)
 m - 24 stones
 p - 9 poisoned darts
Armour
 d - a +0 robe
 t - a +0 plate armour (worn)
Scrolls
 e - a scroll of magic mapping {unknown}
 g - a scroll of fog {unknown}
 i - a scroll of vulnerability {unknown}
 r - a scroll of immolation {unknown}
Potions
 q - a potion of lignification {unknown}
 s - a potion of resistance {unknown}
 u - a potion of brilliance {unknown}


   Skills:
 + Level 1.2 Fighting
 + Level 0.4 Maces & Flails
 + Level 2.3 Bows
 + Level 2.5 Dodging
 + Level 1.1 Spellcasting
 + Level 3.9 Hexes


You had 3 spell levels left.
You knew the following spells:

 Your Spells              Type           Power      Damage    Failure   Level
a - Corona                Hex            12%        N/A       100%        1

Your spell library contained the following spells:

 Spells                   Type           Power      Damage    Failure   Level
 Slow                     Hex            11%        N/A       100%        2
 Inner Flame              Hex/Fire       5%         N/A       100%        3
 Portal Projectile        Hex/Tloc       10%        N/A       100%        3
 Cause Fear               Hex            5%         N/A       100%        4


Dungeon Overview and Level Annotations

Branches:
Dungeon (2/15)

Altars:
Hepliaklqana

Shops:
D:1 [

Annotations:
D:2 Crazy Yiuf


Innate Abilities, Weirdness & Mutations

Your life essence is reduced to manifest your ancestor. (-10% HP)
You are amphibious.
You cover ground slowly.
You can hop short distances.
You have an extended range of vision and can be seen from far away.


Message History

Crazy Yiuf is almost dead.
Crazy Yiuf hits you with a +4 quarterstaff of chaos!
Crazy Yiuf burns you.
Sagil-Zimu is still trapped in memory!
Remember Sagil-Zimu's name as what?
Sagil-Zimu
Okay, then.
Was Sagil-Zimu a) male, b) female, or c) neither? (Currently neither.)
Okay, then.
Unknown command.
Fire: 8 arrows
Press: ? - help, Q - select action, (/) - cycle Shift-Dir - straight line, f/p - Crazy Yiuf
Aim: Crazy Yiuf, wielding a +4 quarterstaff of chaos and wearing a +0 cloak (almost dead, 56% to hit)
You shoot an arrow. The arrow barely misses Crazy Yiuf.
Crazy Yiuf hits you but does no damage.
You feel drained.
Fire: 7 arrows
Press: ? - help, Q - select action, (/) - cycle Shift-Dir - straight line, f/p - Crazy Yiuf
Aim: Crazy Yiuf, wielding a +4 quarterstaff of chaos and wearing a +0 cloak (almost dead, 58% to hit)
You shoot an arrow. The arrow hits Crazy Yiuf.
Crazy Yiuf is almost dead.
Crazy Yiuf whimpers, "Walk!
Hack mumblescurry foot."
Crazy Yiuf hits you with a +4 quarterstaff of chaos.
You feel your power leaking away.
Fire: 6 arrows
Press: ? - help, Q - select action, (/) - cycle Shift-Dir - straight line, f/p - Crazy Yiuf
Aim: Crazy Yiuf, wielding a +4 quarterstaff of chaos and wearing a +0 cloak (almost dead, 61% to hit)
You shoot an arrow. The arrow barely misses Crazy Yiuf.
Crazy Yiuf hits you with a +4 quarterstaff of chaos.
* * * LOW HITPOINT WARNING * * *
Crazy Yiuf grits, "Hack noodlescoop toodlewoodle!"
Crazy Yiuf hits you with a +4 quarterstaff of chaos.
* * * LOW HITPOINT WARNING * * *
Crazy Yiuf burns you.
* * * LOW HITPOINT WARNING * * *
Fire: 5 arrows
Press: ? - help, Q - select action, (/) - cycle Shift-Dir - straight line, f/p - Crazy Yiuf
Aim: Crazy Yiuf, wielding a +4 quarterstaff of chaos and wearing a +0 cloak (almost dead, 58% to hit)
You shoot an arrow. The arrow closely misses Crazy Yiuf.
Crazy Yiuf screams, "Key!"
Crazy Yiuf hits you with a +4 quarterstaff of chaos.
You die...

.............................# #
......##.### #######.......# #
####.## .# #.......# #.# .#
#.......# ####'###.# #.......#
..^......# #.......####
.......#<..# #.......#...
.......#####.##############..#...
................@g......(#...#...
####'########......(.....#....###
.....# #............#....###
###### #........(...#.....## ##
#.....####....####.## ...
...?...# #....# #.## ....
........# ♣.(..♣ ##..#
##+##.............# ♣♣.(.♣ #....
.............###### ♣♣.♣♣ #....


You could see Crazy Yiuf.

Vanquished Creatures
  A dart slug (D:2)
  A ball python (D:1)
  3 bats (D:1)
  An endoplasm (D:1)
  A giant cockroach (D:1)
  2 goblins (D:1)
  A hobgoblin (D:2)
  A quokka (D:1)
  5 kobolds
  A rat (D:1)
17 creatures vanquished.

Vanquished Creatures (collateral kills)
  A goblin (D:1)
  A kobold (D:1)
2 creatures vanquished.

Vanquished Creatures (others)
  An ancestor (D:2)
1 creature vanquished.

Grand Total: 20 creatures vanquished

Notes
Turn   | Place    | Note
-------+----------+-------------------------------------------
     0 | D:1      | JohnySteedPL the Barachi Arcane Marksman began the quest
                  | for the Orb.
     0 | D:1      | Reached XP level 1. HP: 15/15 MP: 2/2
   424 | D:1      | Reached XP level 2. HP: 21/21 MP: 3/3
   532 | D:1      | Found a faded altar of an unknown god.
   624 | D:1      | Became a worshipper of Hepliaklqana the Forgotten
   624 | D:1      | Reached * piety under Hepliaklqana
   722 | D:1      | Found Quumeunk's Antique Armour Shoppe.
  1225 | D:2      | Reached XP level 3. HP: 17/23 MP: 4/4
  1262 | D:2      | Found a runed translucent door.
  1263 | D:2      | Noticed Crazy Yiuf
  1287 | D:2      | Slain by Crazy Yiuf

Illustrated notes

Levels and vault maps discovered:
D:1:      dpeg_arrival_simpleton_b, layout_loops_corners,
          ebering_ecumenical_altar_sacrificial, serial_shops,
          nicolae_shop_statue_plus
D:2:      layout_basic, cheibrodos_gnoll_hut, uniq_crazy_yiuf_cottage

Action                   || total
-------------------------++-------
Melee: Mace              ||     4
 Fire: Shortbow          ||    44
Invok: Recall Ancestor   ||     1
       Ancestor Identity ||     1
 Abil: Hop               ||     4
Armor: Robe              ||     8
       Plate armour      ||     1
Dodge: Dodged            ||    16
